 Dungeon Crawl Stone Soup version 0.28-a0-1234-g826d19b2e0 (webtiles) character file.

Game seed: 7829497888169947204

6443 bearlyready the Fighter (level 10, -5/87 HPs)
             Began as a Demonspawn Artificer on Dec 23, 2021.
             Was a Follower of Yredelemnul.
             Killed from afar by a molten gargoyle (24 damage)
             ... with a bolt of magma
             ... on level 9 of the Dungeon.
             The game lasted 00:15:49 (10752 turns).

bearlyready the Fighter (Demonspawn Artificer)     Turns: 10752, Time: 00:15:50

Health: -5/87      AC: 10    Str: 17    XL:     10   Next: 67%
Magic:  0/16       EV: 11    Int: 13    God:    Yredelemnul [*.....]
Gold:   432        SH:  6    Dex: 14    Spells: 9/9 levels left

rFire   . . .      SeeInvis +   O - +2 mace (venom)
rCold   . . .      Faith    .   (no shield)
rNeg    + + .      Spirit   +   H - +3 leather armour "Vucag" {rN+ Dex-3 SInv Stlth+}
rPois   +          Reflect  .   A - +2 hat
rElec   .          Harm     .   u - +0 cloak
rCorr   .          Rampage  .   (no gloves)
Will    .....                   a - +0 pair of boots
Stlth   ++........              D - amulet of guardian spirit
HPRegen 0.24/turn               F - ring of poison resistance
MPRegen 0.15/turn               X - ring "Beoghoir" {Fly rN+ Str+4}

@: flying
A: large bone plates 2, condensation shield, weakness stinger 2
a: Renounce Religion, Recall Undead Harvest


You were on level 9 of the Dungeon.
You worshipped Yredelemnul.
Yredelemnul was aware of your devotion.
You visited 1 branch of the dungeon, and saw 9 of its levels.

You collected 432 gold pieces.

Inventory:

Hand Weapons
 I - a +0 morningstar
 K - a +2 flail of protection
 O - a +2 mace of venom (weapon)
Missiles
 f - 370 stones (quivered)
 n - 106 sling bullets
 y - 122 bolts
 G - 4 boomerangs
 R - 23 poisoned darts
Armour
 a - a +0 pair of boots (worn)
 u - a +0 cloak (worn)
 A - a +2 hat (worn)
 H - the +3 leather armour "Vucag" (worn) {rN+ Dex-3 SInv Stlth+}
   (You found it on level 4 of the Dungeon)

   Dex:       It affects your dexterity (-3).
   rN:        It protects you from negative energy.
   SInv:      It lets you see invisible.
   Stlth:     It makes you more stealthy.
Jewellery
 D - an amulet of guardian spirit (around neck)
 F - a ring of poison resistance (left hand)
 T - a ring of ice
 V - a ring of positive energy
 X - the ring "Beoghoir" (right hand) {Fly rN+ Str+4}
   (You found it on level 8 of the Dungeon)

   [ring of positive energy]

   Str:       It affects your strength (+4).
   rN:        It protects you from negative energy.
   Fly:       It grants you flight.
 Z - a ring of positive energy
Wands
 b - a wand of polymorph (5)
 c - a wand of flame (10)
 d - a wand of charming (9)
 w - a wand of iceblast (12)
Scrolls
 i - 2 scrolls of immolation {unknown}
 j - 2 scrolls of magic mapping
 l - 2 scrolls of blinking {unknown}
 m - 2 scrolls of fear
 o - 3 scrolls of teleportation
 p - 2 scrolls of identify {unknown}
 q - a scroll of holy word {unknown}
 r - 2 scrolls of vulnerability {unknown}
 v - a scroll of silence {unknown}
 z - 3 scrolls of enchant weapon
 M - a scroll of enchant armour {unknown}
 P - a scroll of acquirement {unknown}
 Q - 2 scrolls of noise
 U - a scroll of fog {unknown}
Potions
 g - a potion of cancellation
 k - a potion of degeneration
 s - a potion of might {unknown}
 t - a potion of invisibility
 x - a potion of flight
 B - 3 potions of attraction {unknown}
 L - a potion of magic {unknown}
 N - 3 potions of curing {unknown}
 W - a potion of berserk rage {unknown}
 Y - 2 potions of mutation {unknown}
Miscellaneous
 e - a piece from Xom's chessboard (14/15)


   Skills:
 + Level 11.1 Fighting
 - Level 8.0 Maces & Flails
 - Level 2.3 Armour
 - Level 1.5 Dodging
 - Level 0.8 Stealth
 + Level 8.6 Invocations
 - Level 5.1 Evocations


You had 9 spell levels left.
You didn't know any spells.
Your spell library contained the following spells:

 Spells                   Type           Power      Damage    Failure   Level
 Animate Skeleton         Necr           0%         N/A       36%         1
 Foxfire                  Conj/Fire      0%         2x1d4     36%         1
 Freeze                   Ice            0%         1d3       36%         1
 Pain                     Necr           0%         1d4       36%         1
 Ensorcelled Hibernation  Hex/Ice        0%         N/A       50%         2
 Static Discharge         Conj/Air       0%         N/A       50%         2
 Conjure Flame            Conj/Fire      0%         6-21      73%         3
 Frozen Ramparts          Ice            0%         1d2       73%         3
 Inner Flame              Hex/Fire       0%         N/A       73%         3
 Spider Form              Tmut/Pois      0%         N/A       73%         3
 Tukima's Dance           Hex            0%         N/A       73%         3
 Vampiric Draining        Necr           0%         2d6       73%         3
 Dispel Undead            Necr           0%         3d6       98%         4
 Flame Wave               Conj/Fire      0%         2d4       98%         4
 Hailstorm                Conj/Ice       0%         3d3       98%         4
 Sticky Flame             Conj/Fire      0%         2d3       98%         4


Dungeon Overview and Level Annotations

Branches:
Dungeon (9/15)             Temple (0/1) D:7
   Lair: D:8-11         Orc: D:9-12

Altars:
Elyvilon
Hepliaklqana
Kikubaaqudgha
Uskayaw
Wu Jian
Yredelemnul
Zin
The Shining One

Shops:
D:5 :

Annotations:
D:8 1 runed translucent door
D:9 1 runed translucent door


Innate Abilities, Weirdness & Mutations

You are mostly covered in large bone plates. (SH +6)
A meltable shield of frost defends you. (SH +0)
You have a tail ending in a sharp stinger.


Message History

Your killer bee zombie closely misses the lava snake.
You hit the lava snake.
The lava snake is poisoned.
The lava snake is lightly wounded.
The lava snake closely misses you.
The molten gargoyle blasts magma at you!
The bolt of magma hits you!!
Aiming: Iceblast
Press: ? - help, Shift-Dir - straight line, f - molten gargoyle, p - molten gargoyle
Aim: a molten gargoyle, wielding a +0 mace (lava)
The mass of ice explodes!
The iceblast engulfs the molten gargoyle!
The molten gargoyle is moderately damaged.
The iceblast engulfs the lava snake!!
The lava snake is frozen!
You kill the lava snake!
Your killer bee zombie completely misses the molten gargoyle.
Your hornet zombie hits the molten gargoyle but does no damage.
The molten gargoyle blasts magma at you!
The bolt of magma hits you!
Your hornet zombie hits the molten gargoyle.
Your orc warrior zombie hits the molten gargoyle but does no damage.
You swap places.
Your killer bee zombie hits the molten gargoyle but does no damage.
Your kobold brigand zombie barely misses the molten gargoyle.
Your hornet zombie barely misses the molten gargoyle.
The molten gargoyle blasts magma at you!
The bolt of magma hits your kobold brigand zombie!!
Your kobold brigand zombie is destroyed!
The bolt of magma misses you.
The molten gargoyle hits you with a +0 flail!
You are engulfed in flames!
* * * LOW HITPOINT WARNING * * *
You can no longer trade souls for undead servants.
Your killer bee zombie hits the molten gargoyle but does no damage.
Your hornet zombie hits the molten gargoyle but does no damage.
Your killer bee zombie hits the molten gargoyle but does no damage.
Something hits the molten gargoyle!
The molten gargoyle blasts magma at you!
The bolt of magma hits you!!
You die...
Your body rises from the dead as a mindless zombie.

.#######>..Y.................
##########....[...## #
#.........### ###..........
#######..........
#.........[.....) #
#####..<.............
#.#.#.#................
#.#.#.#.#@............#...
...≈.≈9..#......##########
.≈≈≈§9Z9#.......# #.
.≈≈≈≈≈Z§Z#......# .##
.≈≈88§§.#.......# ..#
§≈≈88≈≈..#......# #.#.
≈§≈≈≈≈§.#...#+### #.#.
.≈≈§≈≈≈..#..# #)## ..§§≈§..#
# #..)


You could see 3 molten gargoyles, a friendly killer bee zombie and a friendly
hornet zombie.

Vanquished Creatures
  A hornet (D:9)
  6 fire bats (D:8)
  A yak (D:9)
  5 wraiths (D:8)
  A steam dragon (D:9)
  An acid dragon (D:7)
  A water moccasin (D:6)
  A sky beast (D:6)
  An ice beast (D:6)
  A black bear (D:7)
  2 orc warriors
  2 necrophages
  An ogre (D:5)
  2 centaurs
  3 kobold brigands
  A water moccasin skeleton (D:5)
  4 killer bees (D:9)
  2 wights
  2 howler monkeys (D:7)
  A lava snake (D:9)
  A centaur zombie (D:8)
  A bullfrog zombie (D:6)
  3 hounds
  3 orc priests
  A centaur skeleton (D:7)
  Jessica (D:2)
  3 iguanas
  Ijyb (D:3)
  5 orc wizards
  A howler monkey zombie (D:7)
  7 adders
  A shadow imp (D:7)
  An ufetubus (D:6)
  An adder skeleton (D:4)
  3 worms
  2 dart slugs (D:2)
  33 orcs
  4 ball pythons
  59 bats
  4 endoplasms
  4 giant cockroaches
  3 hobgoblins
  15 kobolds
  A quokka (D:2)
  5 frilled lizards
  5 goblins
  5 rats
212 creatures vanquished.

Vanquished Creatures (collateral kills)
  2 two-headed ogres
  3 fire bats (D:8)
  A water moccasin (D:8)
  A bullfrog (D:6)
  A wight (D:7)
  A centaur zombie (D:6)
  A bullfrog zombie (D:7)
  2 iguanas (D:5)
  2 orc wizards
  2 adders
  2 orcs
  A ball python (D:4)
  A kobold (D:7)
  18 bats (D:8)
38 creatures vanquished.

Vanquished Creatures (others)
  2 spectral fire bats (D:8)
  A bullfrog zombie (D:6)
  A killer bee zombie (D:9)
  21 bat zombies (D:8)
  An endoplasm (D:1)
  A ball python zombie (D:4)
  4 kobold zombies
  11 orc zombies
  A spectral ufetubus (D:6)
43 creatures vanquished.

Grand Total: 293 creatures vanquished

Notes
Turn   | Place    | Note
-------+----------+-------------------------------------------
     0 | D:1      | bearlyready the Demonspawn Artificer began the quest for
                  | the Orb.
     0 | D:1      | Reached XP level 1. HP: 15/15 MP: 1/1
   369 | D:1      | You fall into a shaft and drop 1 floor!
   386 | D:2      | Gained mutation: You have a small tail. [demonic ancestry]
   386 | D:2      | Reached XP level 2. HP: 17/21 MP: 2/2
  1256 | D:2      | Reached skill level 2 in Fighting
  1484 | D:2      | Gained mutation: You are partially covered in large bone
                  | plates. (SH +4) [demonic ancestry]
  1484 | D:2      | Reached XP level 3. HP: 21/27 MP: 3/3
  1677 | D:2      | Reached skill level 1 in Maces & Flails
  1934 | D:2      | Found a faded altar of an unknown god.
  2206 | D:2      | Noticed Jessica
  2213 | D:2      | Killed Jessica
  2214 | D:2      | Reached XP level 4. HP: 30/34 MP: 4/4
  2339 | D:2      | Reached skill level 3 in Fighting
  2718 | D:3      | Noticed Ijyb
  2732 | D:3      | Killed Ijyb
  3239 | D:3      | Gained mutation: A meltable shield of frost defends you.
                  | (SH +0) [demonic ancestry]
  3239 | D:3      | Reached XP level 5. HP: 27/41 MP: 5/5
  3504 | D:3      | Found a basalt altar of Yredelemnul.
  3517 | D:3      | Noticed an angel
  3545 | D:3      | Noticed a profane servitor
  3550 | D:3      | Became a worshipper of Yredelemnul the Dark
  4481 | D:4      | Reached skill level 4 in Fighting
  4526 | D:4      | Reached * piety under Yredelemnul
  4527 | D:4      | Reached XP level 6. HP: 48/48 MP: 6/6
  4589 | D:4      | Identified the +3 leather armour "Vucag" {rN+ Dex-3 SInv
                  | Stlth+}
  4649 | D:4      | Reached ** piety under Yredelemnul
  5037 | D:5      | Entered Level 5 of the Dungeon
  5824 | D:5      | Gained mutation: You are mostly covered in large bone
                  | plates. (SH +6) [demonic ancestry]
  5824 | D:5      | Reached XP level 7. HP: 46/55 MP: 7/7
  6154 | D:5      | Found Morolaff's Self-Improvement Boutique.
  6293 | D:5      | Reached skill level 5 in Fighting
  6612 | D:6      | Reached skill level 5 in Maces & Flails
  6612 | D:6      | Reached skill level 5 in Evocations
  6789 | D:6      | Reached XP level 8. HP: 60/64 MP: 8/8
  6859 | D:6      | Reached skill level 6 in Fighting
  7206 | D:7      | Found a staircase to the Ecumenical Temple.
  7225 | D:7      | Reached skill level 7 in Fighting
  8197 | D:7      | Gained mutation: You have a tail ending in a sharp stinger.
                  | [demonic ancestry]
  8197 | D:7      | Reached XP level 9. HP: 73/73 MP: 7/9
  8227 | D:8      | Reached skill level 8 in Fighting
  8459 | D:8      | Found a runed translucent door.
  8653 | D:8      | Noticed a flayed ghost
  8671 | D:8      | Found a hide-covered altar of Uskayaw.
  8943 | D:8      | Found an ancient bone altar of Kikubaaqudgha.
  8989 | D:8      | Reached *** piety under Yredelemnul
  9086 | D:8      | Reached skill level 9 in Fighting
  9086 | D:8      | Reached skill level 1 in Dodging
  9086 | D:8      | Reached skill level 1 in Invocations
  9264 | D:8      | Reached **** piety under Yredelemnul
  9390 | D:8      | Found an ornate altar of the Wu Jian Council.
  9431 | D:8      | Found a hazy altar of Hepliaklqana.
  9444 | D:8      | Reached ***** piety under Yredelemnul
  9464 | D:8      | Reached XP level 10. HP: 84/84 MP: 13/13
  9487 | D:8      | Reached skill level 5 in Invocations
  9580 | D:8      | Identified the ring "Beoghoir" {Fly rN+ Str+4}
  9594 | D:8      | Reached skill level 10 in Fighting
  9618 | D:8      | Noticed a two-headed ogre
  9625 | D:8      | Killed a two-headed ogre
  9896 | D:8      | Reached ****** piety under Yredelemnul
 10367 | D:9      | Noticed a molten gargoyle
 10638 | D:9      | Found a large runed translucent door.
 10705 | D:9      | Noticed a two-headed ogre
 10712 | D:9      | Killed a two-headed ogre
 10713 | D:9      | Reached skill level 11 in Fighting
 10745 | D:9      | Noticed a molten gargoyle
 10745 | D:9      | Noticed a molten gargoyle
 10746 | D:9      | Noticed a molten gargoyle
 10752 | D:9      | Killed from afar by a molten gargoyle

Illustrated notes

Levels and vault maps discovered:
D:1:      eino_arrival_water_cross, layout_basic
D:2:      layout_loops_ring, ebering_ecumenical_altar_abandoned, uniq_jessica
D:3:      layout_basic, grunt_temple_overflow_holy_war, eino_curves_04,
          uniq_ijyb
D:4:      layout_basic
D:5:      layout_basic, serial_glass, glass_columns_b, glass_columns_a,
          glass_columns_a, glass_columns_a, glass_columns_a, glass_columns_c,
          glass_columns_a, glass_columns_c, nicolae_shop_self_help
D:6:      layout_rooms
D:7:      layout_loops_ring, minmay_temple_entry_water_ring
D:8:      due_megacathedral, layout_rooms, minmay_holes, hangedman_glass_teeth
D:9:      layout_basic, jmf_multi_god_temple2, minivault_8

Skill      XL: |  1  2  3  4  5  6  7  8  9 10 |
---------------+-------------------------------+-----
Fighting       | 2 3 4 5 7 9 11 | 11.1
Maces & Flails | 1 2 3 4 5 6 8 |  8.0
Evocations     | 4 5 |  5.1
Armour         | 2 |  2.3
Dodging        | 1 |  1.5
Invocations    | 4 8 |  8.6
Stealth        | |  0.8

Action                   |  1- 3 |  4- 6 |  7- 9 | 10-12 || total
-------------------------+-------+-------+-------+-------++-------
Melee: Whip              |   128 |   234 |       |       ||   362
       Tailslap          |    18 |    43 |    53 |    11 ||   125
       Flail             |       |    15 |    67 |       ||    82
       Mace              |       |       |   383 |    98 ||   481
Throw: Dart              |       |       |       |     2 ||     2
Evoke: Wand              |     5 |    11 |     3 |     3 ||    22
       Piece from Xom's  |     5 |     3 |     6 |     1 ||    15
  Use: Potion            |       |     4 |       |       ||     4
       Scroll            |       |       |       |     5 ||     5
 Stab: Sleeping          |     4 |       |     2 |       ||     6
       Distracted        |       |     2 |     3 |     2 ||     7
       Paralysed         |       |       |     1 |       ||     1
Armor: Leather armour    |    48 |    37 |   244 |    21 ||   350
       Ring mail         |       |    39 |       |       ||    39
Dodge: Dodged            |    77 |    90 |   285 |    30 ||   482
Block: Other             |     7 |    73 |   288 |    48 ||   416

Table legend: (Time is in decaauts)
 A = Elapsed time spent in this place.
 B = Non-inter-level travel time spent in this place.
 C = Inter-level travel time spent in this place.
 D = Time resting spent in this place.
 E = Time spent auto-exploring this place.
 F = Levels seen in this place.
 G = Mean time per level.
                   A        B        C        D        E       F      G
               +--------+--------+--------+--------+--------+-----+--------+
         Total |  10840 |  10560 |    280 |    813 |   7678 |   9 | 1204.4 |
       Dungeon |  10840 |  10560 |    280 |    813 |   7678 |   9 | 1204.4 |
               +--------+--------+--------+--------+--------+-----+--------+

Top non-repeatable levels by time:
     D:8: 2082 daAuts
     D:2: 1577 daAuts
     D:5: 1494 daAuts
     D:4: 1176 daAuts
     D:1: 1149 daAuts
     D:3: 1138 daAuts
     D:7: 1061 daAuts
     D:6: 616 daAuts
     D:9: 544 daAuts
